 Dungeon Crawl Stone Soup version 0.27.1 (webtiles) character file.

Game seed: 9163191535081422160

11 acemry the Shield-Bearer (level 2, 0/26 HPs)
             Began as a Minotaur Fighter on Sept 4, 2021.
             Slain by a hobgoblin (2 damage)
             ... on level 1 of the Dungeon.
             The game lasted 00:00:47 (286 turns).

acemry the Shield-Bearer (Minotaur Fighter)          Turns: 286, Time: 00:00:48

Health: 0/26       AC:  6    Str: 20    XL:     2   Next: 13%
Magic:  1/1        EV:  9    Int:  5    God:
Gold:   0          SH:  0    Dex:  9    Spells: 1/1 levels left

rFire    . . .     SeeInvis .   a - +0 war axe
rCold    . . .     Faith    .   (no shield)
rNeg     . . .     Spirit   .   b - +0 scale mail
rPois    .         Reflect  .   (helmet restricted)
rElec    .         Harm     .   (no cloak)
rCorr    .         Rampage  .   (no gloves)
Will     .....                  (no boots)
Stlth    ..........             (no amulet)
HPRegen  0.08/turn              (no ring)
MPRegen  0.07/turn              (no ring)

@: no status effects
A: horns 2, retaliatory headbutt
a: no special abilities


You were on level 1 of the Dungeon.
You visited 1 branch of the dungeon, and saw 1 of its levels.

Inventory:

Hand Weapons
 a - a +0 war axe (weapon)
Armour
 b - a +0 scale mail (worn)
 c - a +0 kite shield
Scrolls
 e - a scroll of identify {unknown}
Potions
 d - a potion of might


   Skills:
 - Level 3.6 Fighting
 + Level 3.5 Axes
 - Level 3.6 Armour
 - Level 3.6 Shields


You had one spell level left.
You didn't know any spells.
Your spell library was empty.

Dungeon Overview and Level Annotations

Branches:
Dungeon (1/15)

Altars:


Innate Abilities, Weirdness & Mutations

You have a pair of horns on your head.
You reflexively headbutt those who attack you in melee.


Message History

You slash the quokka!
You kill the quokka!
You hit the kobold but do no damage. You hit the endoplasm but do no damage.
The endoplasm freezes you.
You are frozen.
* * * LOW HITPOINT WARNING * * *
The kobold hits you but does no damage. The endoplasm hits you.
* * * LOW HITPOINT WARNING * * *
You slash the endoplasm!
You kill the endoplasm!
You hit the kobold. You hit the rat but do no damage.
The kobold throws a stone.
The stone hits you but does no damage. The rat bites you.
* * * LOW HITPOINT WARNING * * *
The kobold hits you but does no damage.
You have reached level 2!
You barely miss the kobold. Your headbutt misses the kobold.
The kobold is heavily wounded.
You closely miss the rat. You closely miss the kobold.
The rat bites you but does no damage. The kobold hits you but does no damage.
The kobold barely misses you.
You hit the kobold.
You kill the kobold!
You barely miss the kobold. You barely miss the rat. The rat bites you.
* * * LOW HITPOINT WARNING * * *
A goblin comes into view. It is wielding a +0 dagger.
The kobold barely misses you. The rat bites you but does no damage.
The goblin shouts!
You hit the kobold.
You kill the kobold!
You hit the hobgoblin.
The hobgoblin is severely wounded.
The hobgoblin closely misses you. You furiously retaliate!
You headbutt the hobgoblin, but do no damage.
The hobgoblin hits you.
* * * LOW HITPOINT WARNING * * *
You barely miss the hobgoblin.
The hobgoblin is severely wounded.
The hobgoblin hits you.
You die...

... ####..... ...
......... ..
#.......
..#.....#
.#w....###
...g..... #JS...#
##########gr...#
#........@####.#
#.........####..#
#................
#.........#####..
#####.#.......
#.#.######
##.#.####
#.......#
#.......#


You could see a dart slug, an endoplasm, a hobgoblin, a goblin, a ball python
and a rat.

Vanquished Creatures
  An endoplasm (D:1)
  2 goblins (D:1)
  2 jackals (D:1)
  A quokka (D:1)
  3 kobolds (D:1)
9 creatures vanquished.

Notes
Turn   | Place    | Note
-------+----------+-------------------------------------------
     0 | D:1      | acemry the Minotaur Fighter began the quest for the Orb.
     0 | D:1      | Reached XP level 1. HP: 19/19 MP: 0/0
   281 | D:1      | Reached XP level 2. HP: 4/26 MP: 1/1
   286 | D:1      | Slain by a hobgoblin

Illustrated notes

Levels and vault maps discovered:
D:1:      dpeg_arrival_short_road, layout_basic, corner_web_ring

Skill      XL: |  1 |
---------------+----+-----
Axes           | 3 |  3.5
Fighting       | |  3.6
Armour         | |  3.6
Shields        | |  3.6

Action                   || total
-------------------------++-------
Melee: War axe           ||    15
       Headbutt          ||     2
Armor: Scale mail        ||    10
Dodge: Dodged            ||    10
